 Dungeon Crawl Stone Soup version 0.27-a0-1590-g15f69828bf (webtiles) character file.

Game seed: 14010437299547150840

109 Sin92 the Skirmisher (level 4, -1/40 HPs)
             Began as a Minotaur Fighter on July 18, 2021.
             Slain by an orc wizard (4 damage)
             ... on level 3 of the Dungeon on July 19, 2021.
             The game lasted 00:03:21 (1904 turns).

Sin92 the Skirmisher (Minotaur Fighter)             Turns: 1904, Time: 00:03:23

Health: -1/40      AC:  7    Str: 21    XL:     4   Next: 60%
Magic:  3/3        EV:  8    Int:  5    God:
Gold:   164        SH:  0    Dex: 10    Spells: 3/3 levels left

rFire    . . .     SeeInvis .   a - +0 war axe
rCold    . . .     Faith    .   c - +1 kite shield
rNeg     . . .     Spirit   .   b - +0 scale mail
rPois    .         Reflect  .   (helmet restricted)
rElec    .         Harm     .   (no cloak)
rCorr    .         Rampage  .   (no gloves)
Will     .....                  (no boots)
Stlth    ..........             (no amulet)
HPRegen  0.13/turn              (no ring)
MPRegen  0.08/turn              (no ring)

@: confused
A: horns 2, retaliatory headbutt
a: no special abilities


You were on level 3 of the Dungeon.
You visited 1 branch of the dungeon, and saw 3 of its levels.

You collected 164 gold pieces.

Inventory:

Hand Weapons
 a - a +0 war axe (weapon)
Armour
 b - a +0 scale mail (worn)
 c - a +1 kite shield (worn)
Scrolls
 g - a scroll of torment {unknown}
 h - a scroll of immolation {unknown}
Potions
 d - 2 potions of might
 e - a potion of attraction {unknown}
 f - a potion of magic {unknown}
 i - a potion of curing {unknown}


   Skills:
 + Level 4.2 Fighting
 * Level 4.0 Axes
 + Level 4.1 Armour
 + Level 1.9 Dodging
 + Level 4.1 Shields


You had 3 spell levels left.
You didn't know any spells.
Your spell library was empty.

Dungeon Overview and Level Annotations

Branches:
Dungeon (3/15)

Altars:

Shops:
D:2 =


Innate Abilities, Weirdness & Mutations

You have a pair of horns on your head.
You reflexively headbutt those who attack you in melee.


Message History

You are too confused!
Unknown command.
You are too confused!
You closely miss the orc wizard.
The orc wizard is severely wounded.
You barely miss the orc wizard.
The orc wizard gestures wildly while chanting.
The orc wizard flickers and vanishes!
Deactivating autopickup; reactivate with Ctrl-A.
The orc wizard casts a spell at you.
You are more confused.
Something hits you. Something hits you. The orc hits you but does no damage.
The orc wizard gestures wildly while chanting.
The orc wizard flickers and vanishes!
You closely miss the orc warrior. Your headbutt misses the orc warrior.
You barely miss the orc. The orc barely misses you.
The orc warrior hits you with a +0 scimitar.
You miss the orc. You closely miss the orc warrior. You slash the orc!
You kill the orc!
The orc warrior hits you with a +0 scimitar.
The orc hits you but does no damage. Something hits you but does no damage.
The orc warrior hits you with a +0 scimitar.
The orc closely misses you. Something hits you but does no damage.
You hear some strange, mumbled words.
Something tries to affect you, but you resist.
The orc completely misses you. Something hits you but does no damage.
Unknown command.
You slash the orc!
You kill the orc!
Your shield and scale mail prevent you from hitting the orc warrior.
You miss something. Something hits you but does no damage.
You slash the orc warrior! You headbutt the orc warrior!
The orc warrior is severely wounded.
You miss something.
The orc warrior hits you with a +0 scimitar!
* * * LOW HITPOINT WARNING * * *
Something hits you.
You die...

### ... ... .....
.....# #.#
............ ###.#
............##...#
.................#
.................#
...............o@#
...............).#
.................#
.##.. ####.#<....#
.# #.##..### .##
#.#.<## ..##
#.#.## ...# #.#.#
...# #...#


You could see an orc warrior.

Vanquished Creatures
  Robin (D:2)
  An adder (D:2)
  A worm (D:3)
  2 dart slugs
  3 orcs
  4 ball pythons
  7 bats
  4 endoplasms
  5 giant cockroaches
  15 goblins
  7 hobgoblins
  4 jackals (D:3)
  6 kobolds
  A quokka (D:1)
  8 frilled lizards
  5 rats
74 creatures vanquished.

Vanquished Creatures (others)
  2 plants (D:1)
2 creatures vanquished.

Grand Total: 76 creatures vanquished

Notes
Turn   | Place    | Note
-------+----------+-------------------------------------------
     0 | D:1      | Sin92 the Minotaur Fighter began the quest for the Orb.
     0 | D:1      | Reached XP level 1. HP: 19/19 MP: 0/0
   115 | D:1      | Found a faded altar of an unknown god.
   322 | D:1      | Reached XP level 2. HP: 27/27 MP: 1/1
   610 | D:1      | Reached skill level 1 in Dodging
   619 | D:1      | Reached XP level 3. HP: 33/33 MP: 2/2
   792 | D:2      | Noticed Robin
   811 | D:2      | Killed Robin
  1048 | D:2      | Found Sidenec's Jewellery Emporium.
  1193 | D:2      | Reached XP level 4. HP: 40/40 MP: 3/3
  1892 | D:3      | Noticed an orc warrior
  1904 | D:3      | Slain by an orc wizard

Illustrated notes

Levels and vault maps discovered:
D:1:      dpeg_arrival_more_subterranean_lakeside_camping, layout_loops_ring,
          shapermc_ecumenical_altar_hornbeckon, minmay_tetromino_o4
D:2:      wander_river, layout_loops_cross, serial_shops, shop, uniq_robin
D:3:      layout_rooms

Skill      XL: |  1  2  3  4 |
---------------+-------------+-----
Axes           | 3 4 |  4.0
Dodging        | 1 |  1.9
Fighting       | 4 |  4.2
Armour         | 4 |  4.1
Shields        | 4 |  4.1

Action                   |  1- 3 |  4- 6 || total
-------------------------+-------+-------++-------
Melee: War axe           |    88 |    45 ||   133
       Headbutt          |    10 |     7 ||    17
  Use: Scroll            |     3 |     2 ||     5
       Potion            |     1 |       ||     1
Armor: Scale mail        |    47 |    23 ||    70
Dodge: Dodged            |    23 |    23 ||    46
Block: Kite shield       |    66 |    19 ||    85

Table legend: (Time is in decaauts)
 A = Elapsed time spent in this place.
 B = Non-inter-level travel time spent in this place.
 C = Inter-level travel time spent in this place.
 D = Time resting spent in this place.
 E = Time spent auto-exploring this place.
 F = Levels seen in this place.
 G = Mean time per level.
                   A        B        C        D        E       F      G
               +--------+--------+--------+--------+--------+-----+--------+
         Total |   1995 |   1977 |     18 |    100 |   1496 |   3 |  665.0 |
       Dungeon |   1995 |   1977 |     18 |    100 |   1496 |   3 |  665.0 |
               +--------+--------+--------+--------+--------+-----+--------+

Top non-repeatable levels by time:
     D:2: 880 daAuts
     D:1: 820 daAuts
     D:3: 295 daAuts
